 Dungeon Crawl Stone Soup version 0.28.0 (webtiles) character file.

Game seed: 2234716519433062579

26 HallandMoats the Skirmisher (level 3, 33/33 HPs)
             Began as a Ghoul Monk on Feb 8, 2022.
             Was the Champion of Ignis.
             Safely got out of the dungeon.
             The game lasted 00:01:19 (1134 turns).

HallandMoats the Skirmisher (Ghoul Monk)            Turns: 1134, Time: 00:01:20

Health: 33/33      AC:  3    Str: 16    XL:     3   Next: 8%
Magic:  2/2        EV: 12    Int:  5    God:    Ignis [******]
Gold:   16         SH:  0    Dex: 11    Spells: 2/2 levels left

rFire   + . .      SeeInvis .   a - +0 spear
rCold   + . .      Faith    .   (no shield)
rNeg    + + +      Spirit   .   b - +0 robe
rPois   ∞          Reflect  .   (no helmet)
rElec   .          Harm     .   (no cloak)
rCorr   .          Rampage  .   g - +0 pair of gloves
Will    +....                   (no boots)
Stlth   ++........              (no amulet)
HPRegen 0.11/turn               f - ring of willpower
MPRegen 0.08/turn               (no ring)

@: no status effects
A: claws 1, cold resistance 1, negative energy resistance 3, inhibited
regeneration, torment resistance 2
a: Renounce Religion, Fiery Armour, Foxfire Swarm, Rising Flame


You escaped.
You worshipped Ignis.
Ignis was exalted by your worship.
You visited 1 branch of the dungeon, and saw 1 of its levels.

You collected 16 gold pieces.

Inventory:

Hand Weapons
 a - a +0 spear (weapon)
Armour
 b - a +0 robe (worn)
 g - a +0 pair of gloves (worn)
Jewellery
 f - a ring of willpower (left hand)
Scrolls
 e - a scroll of immolation {unknown}
Potions
 c - a potion of flight {unknown}
 d - a potion of ambrosia {unknown}


   Skills:
 * Level 3.7 Fighting
 * Level 3.0 Polearms
 * Level 0.8 Armour
 * Level 2.9 Dodging
 - Level 2.1 Stealth
 + Level 0.4 Invocations


You had 2 spell levels left.
You didn't know any spells.
Your spell library contained the following spells:

 Spells                   Type           Power      Damage    Failure   Level
 Call Canine Familiar     Summ           0%         N/A       85%         3
 Dazzling Flash           Conj/Hex       0%         N/A       85%         3
 Portal Projectile        Hex/Tloc       0%         N/A       85%         3
 Iskenderun's Mystic Bla  Conj/Tloc      0%         2d3       99%         4
 Leda's Liquefaction      Hex/Erth       0%         N/A       99%         4
 Starburst                Conj/Fire      0%         6d3       100%        6


Dungeon Overview and Level Annotations

Branches:
Dungeon (1/15)

Altars:
Ignis


Innate Abilities, Weirdness & Mutations

You thrive by killing the living.
You are immune to poison.
You have sharp fingernails.
Your flesh is cold resistant. (rC+)
You are immune to negative energy. (rN+++)
You do not regenerate when monsters are visible.
You are immune to unholy pain and torment.


Message History

You kill the ball python!
No target in view!
No target in view!
No target in view!
No target in view!
No target in view!
No target in view!
No target in view!
No target in view!
No target in view!
No target in view!
No target in view!
No target in view!
No target in view!
No target in view!
No target in view!
No target in view!
No target in view!
No target in view!
Search for what [? for help]? altar You see here 23 arrows.
There is an open door here.
There is an open door here.
There is an open door here.
There is an open door here.
You see here a +0 dagger of venom.
There is a faded altar of an unknown god here.
You cannot tell which god this altar belongs to.
Convert to them anyway?
Ignis accepts your prayer! Ignis welcomes you!
You can now rocket upward and away.
(D) Dungeon
Where to? (Enter - D:1 @ (x,y), ? - help)
What level of the Dungeon? (default 1, ? - help)
There is an open door here.
You open the door.
There is an open door here.
There is a staircase leading out of the dungeon here.
Are you sure you want to leave the Dungeon?
This will make you lose the game!
You have escaped!

#.^.^..##...## .............#####
##...............####
#.....)............#
#............#.....####
###..........#####.....#
..≈≈≈≈≈≈≈≈.≈≈≈≈≈≈≈≈###.#
##≈####≈≈≈.≈≈≈####≈# #.#
#≈#>.####'####.@#≈# #.######
#≈#..+.......'..#≈# #......#
#≈##+####'####'##≈# #.###..#
#≈≈#.#.......#.#≈≈# #.# #.######
##≈≈#.#...8...#.#≈≈###.###.#.....
..≈≈#.+.#####.+.#≈≈#.......#.####
).≈≈#.#...8...#.#≈≈..........#...
#.≈≈#.#.......#.#≈≈#.............
#.≈##+####'####'##≈#........)....


There were no monsters in sight!

Vanquished Creatures
  2 dart slugs (D:1)
  5 endoplasms (D:1)
  3 goblins (D:1)
  2 hobgoblins (D:1)
  3 kobolds (D:1)
  2 ball pythons (D:1)
  2 bats (D:1)
  2 rats (D:1)
21 creatures vanquished.

Notes
Turn   | Place    | Note
-------+----------+-------------------------------------------
     0 | D:1      | HallandMoats the Ghoul Monk began the quest for the Orb.
     0 | D:1      | Reached XP level 1. HP: 19/19 MP: 0/0
   420 | D:1      | Reached XP level 2. HP: 23/26 MP: 1/1
   718 | D:1      | Found a faded altar of an unknown god.
   873 | D:1      | Reached XP level 3. HP: 7/33 MP: 2/2
  1115 | D:1      | Prayed at the altar of an unknown god.
  1115 | D:1      | Became a worshipper of Ignis, the Dying Flame
  1115 | D:1      | Reached ****** piety under Ignis
  1134 | D:$      | Safely got out of the dungeon.

Illustrated notes

Levels and vault maps discovered:
D:1:      heliophobic_arrival_glass_houses, layout_rooms,
          ebering_ecumenical_altar_webs

Skill      XL: |  1  2 |
---------------+-------+-----
Polearms       | 3 |  3.0
Fighting       | |  3.7
Armour         | |  0.8
Dodging        | |  2.9
Stealth        | |  2.1
Invocations    | |  0.4

Action                   || total
-------------------------++-------
Melee: Spear             ||    95
       Punch             ||     1
Armor: Robe              ||     9
Dodge: Dodged            ||    53
